 Dungeon Crawl Stone Soup version 0.31-a0-986-g5e6e4ef867 (webtiles) character file.

Game seed: 1402390506115503189

23 Lobster4 the Digger (level 2, -1/22 HPs)
             Began as a Ghoul Earth Elementalist on Nov 21, 2023.
             Slain by a quokka (2 damage)
             ... on level 1 of the Dungeon.
             The game lasted 00:02:24 (626 turns).

Lobster4 the Digger (Ghoul Earth Elementalist)       Turns: 626, Time: 00:02:24

Health: -1/22      AC:  3    Str: 11    XL:     2   Next: 95%
Magic:  0/3        EV: 12    Int: 10    God:
Gold:   23         SH:  0    Dex:  9    Spells: 1/4 levels left

rFire   . . .        c - +0 dagger
rCold   + . .        (no shield)
rNeg    + + +        a - +0 robe
rPois   ∞            i - +0 helmet
rElec   .            (no cloak)
rCorr   .            (no gloves)
SInv    .            (no boots)
Will    .....        (no amulet)
Stlth   ++           (no ring)
HPRegen 0.00/turn    (no ring)
MPRegen 0.08/turn

%: no passive effects
@: inhibited regen
A: claws 1, cold resistance 1, negative energy resistance 3, inhibited
regeneration, torment resistance 2, devour on kill
a: no special abilities


You were on level 1 of the Dungeon.
You visited 1 branch of the dungeon, and saw 1 of its levels.

You collected 23 gold pieces.

Inventory:

Hand Weapons
 c - a +0 dagger (weapon)
Missiles
 f - a poisoned dart (quivered)
 g - 10 stones
Armour
 a - a +0 robe (worn)
 i - a +0 helmet (worn)
Potions
 b - a potion of magic
 d - a potion of cancellation {unknown}
 e - a potion of resistance {unknown}


   Skills:
 + Level 0.5 Fighting
 + Level 1.9 Dodging
 + Level 2.3 Stealth
 + Level 1.9 Spellcasting
 * Level 0.9 Conjurations
 - Level 1.0 Transmutations
 * Level 3.6 Earth Magic


You had one spell level left.
You knew the following spells:

 Your Spells              Type           Power      Damage    Failure   Level
a - Sandblast             Erth           16%        2d6       7%          1
b - Passwall              Tmut/Erth      4%         N/A       19%         2

Your spell library contained the following spells:

 Spells                   Type           Power      Damage    Failure   Level
 Necrotise                Necr           0%         1d4       32%         1
 Stone Arrow              Conj/Erth      10%        3d7       36%         3
 Vampiric Draining        Necr           0%         2d6       67%         3
 Brom's Barrelling Bould  Conj/Erth      5%         2d3       77%         4
 Petrify                  Tmut/Erth      5%         N/A       77%         4
 Agony                    Necr           0%         N/A       100%        5


Dungeon Overview and Level Annotations

Branches:
Dungeon (1/15)

Altars:


Innate Abilities, Weirdness & Mutations

You are immune to poison.
You have sharp fingernails.
Your flesh is cold resistant. (rC+)
You are immune to negative energy. (rN+++)
You do not regenerate when monsters are visible.
You are immune to unholy pain and torment.
You thrive by killing the living.


Message History

* * * LOW HITPOINT WARNING * * *
Throw: 5 darts (poison)
Press: ? - help, Shift-Dir - straight line, f/p - hobgoblin
Aim: a hobgoblin (severely wounded, 47% to hit)
You throw a poisoned dart.
The poisoned dart closely misses the quokka.
The poisoned dart hits the hobgoblin.
The hobgoblin is poisoned.
The hobgoblin is severely wounded.
The quokka completely misses you.
Throw: 4 darts (poison)
Press: ? - help, Shift-Dir - straight line, f/p - hobgoblin
Aim: a hobgoblin (almost dead, poisoned, 47% to hit)
You throw a poisoned dart. The poisoned dart hits the quokka.
The quokka is poisoned.
The quokka is heavily wounded.
You kill the hobgoblin!
The quokka barely misses you.
Throw: 3 darts (poison)
Press: ? - help, Shift-Dir - straight line, f - quokka
Aim: a quokka (moderately wounded, poisoned, 32% to hit)
You throw a poisoned dart.
The poisoned dart completely misses the quokka.
The poisoned dart misses the quokka.
The quokka bites you.
* * * LOW HITPOINT WARNING * * *
The quokka misses you.
Throw: 2 darts (poison)
Press: ? - help, Shift-Dir - straight line, f/p - quokka
Aim: a quokka (severely wounded, poisoned, 32% to hit)
You throw a poisoned dart.
The poisoned dart closely misses the quokka.
The poisoned dart misses the quokka.
The quokka closely misses you. The quokka attacks as it pursues you!
The quokka closely misses you.
You kill the quokka!
Casting: Sandblast (safe; 7% risk of failure)
Confirm with . or Enter, or press ? or * to list all spells.
You don't have enough magic to cast this spell.
The quokka bites you.
You die...

.# ≈≈~~~~...~~~............ .# .#
≈≈≈≈≈~≈~................###.# .#
########################....#
.####...#......#####.............
............................†....
####...#.........................
####..........÷..................
...÷...##.......####.............
.###...##.......@r((....(........
..##...##.......###..............


PPPPPPPPPPP.P...# ##.#........... P.........P.P#..# #.....>...$..#
P.P.PPP.PPP.P..### #########.##.# P.P.P...P...P....# .# .. P.PPPPP.PPP.P....####
.# . P.....P)....P.......# ## P.PPP.PPPPPPP....##.########### You could see a
quokka.

Vanquished Creatures
  A dart slug (D:1)
  3 ball pythons (D:1)
  An endoplasm (D:1)
  3 goblins (D:1)
  2 hobgoblins (D:1)
  2 jackals (D:1)
  2 quokkas (D:1)
  A bat (D:1)
  A kobold (D:1)
  2 rats (D:1)
18 creatures vanquished.

Notes
Turn   | Place    | Note
-------+----------+-------------------------------------------
     0 | D:1      | Lobster4 the Ghoul Earth Elementalist began the quest for
                  | the Orb.
     0 | D:1      | Reached XP level 1. HP: 14/14 MP: 2/2
    55 | D:1      | Reached skill level 1 in Transmutations
   157 | D:1      | Reached XP level 2. HP: 20/20 MP: 0/3
   160 | D:1      | Learned a level 2 spell: Passwall
   622 | D:1      | HP: 1/22 [quokka (3)]
   626 | D:1      | Slain by a quokka

Illustrated notes

Levels and vault maps discovered:
D:1:      dpeg_arrival_more_subterranean_lakeside_camping, layout_rooms,
          minmay_hedge_maze

Skill      XL: |  1 |
---------------+----+-----
Transmutations | 1 |  1.0
Fighting       | |  0.5
Dodging        | |  1.9
Stealth        | |  2.3
Spellcasting   | |  1.9
Conjurations   | |  0.9
Earth Magic    | |  3.6

Action                     || total
---------------------------++-------
  Melee: Unarmed           ||     1
         Dagger            ||    16
  Throw: Dart              ||     4
   Cast: Sandblast         ||    26
    Use: Scroll            ||     1
 Armour: Robe              ||    19
  Dodge: Dodged            ||    30

Table legend: (Time is in decaauts)
 A = Elapsed time spent in this place.
 B = Non-inter-level travel time spent in this place.
 C = Inter-level travel time spent in this place.
 D = Time resting spent in this place.
 E = Time spent auto-exploring this place.
 F = Levels seen in this place.
 G = Mean time per level.
                   A        B        C        D        E       F      G
               +--------+--------+--------+--------+--------+-----+--------+
         Total |    639 |    639 |      0 |    156 |    267 |   1 |  639.0 |
       Dungeon |    639 |    639 |      0 |    156 |    267 |   1 |  639.0 |
               +--------+--------+--------+--------+--------+-----+--------+

Top non-repeatable levels by time:
     D:1: 639 daAuts
